 Dungeon Crawl Stone Soup version 0.19-a0-1468-ge013c26 (webtiles) character file.

164 LORDOFBUTT the Cudgeler (level 5, -2/28 HPs)
             Began as a Vine Stalker Berserker on Sept 7, 2016.
             Was a Follower of Trog.
             Killed from afar by Natasha (5 damage)
             ... with a magic dart
             ... on level 3 of the Dungeon.
             The game lasted 00:02:43 (1425 turns).

LORDOFBUTT the Cudgeler (Vine Stalker Berserker)    Turns: 1425, Time: 00:02:44

Health: -2/28      AC:  3    Str: 19    XL:     5   Next: 45%
Magic:  0/9        EV: 13    Int:  7    God:    Trog [*.....]
Gold:   81         SH:  0    Dex: 15    Spells: 0 memorised, 8 levels left

rFire  . . .     SeeInvis .     a - +0 mace
rCold  . . .     Gourm    .     b - +0 animal skin
rNeg   . . .     Faith    .     (no shield)
rPois  .         Spirit   +     (no helmet)
rElec  .         Dismiss  .     (no cloak)
rCorr  .         Reflect  .     o - +0 pair of gloves
MR     .....     Harm     .     (no boots)
Stlth  +.........               (no amulet)
                                (no ring)
                                (no ring)

@: confused
A: fangs 2, regeneration 1, magic shield, antimagic bite, no device heal 3, rot
immunity
a: Berserk, Burn Spellbooks, Renounce Religion


You were on level 3 of the Dungeon.
You worshipped Trog.
Trog was aware of your devotion.
You were not hungry.

You visited 1 branch of the dungeon, and saw 3 of its levels.

You collected 81 gold pieces.

Inventory:

Hand Weapons
 a - a +0 mace (weapon)
Armour
 b - a +0 animal skin (worn)
 o - a +0 pair of gloves (worn)
Jewellery
 d - a cursed ring of flight {unknown}
Scrolls
 e - 2 scrolls of identify {unknown}
 f - a scroll of magic mapping {unknown}
 j - a scroll of noise {unknown}
 k - a scroll of teleportation {unknown}
Potions
 h - a potion of degeneration {unknown}
 i - a potion of curing {unknown}
 l - 2 potions of lignification {unknown}
 n - a potion of experience {unknown}
Comestibles
 c - a bread ration
 g - a meat ration
 m - a slice of pizza


   Skills:
 + Level 3.2 Fighting
 + Level 3.6 Maces & Flails
 + Level 1.7 Armour
 + Level 2.7 Dodging
 + Level 1.3 Stealth
 - Level 2.0 Spellcasting


You had 8 spell levels left.
You didn't know any spells.

Dungeon Overview and Level Annotations

Branches:
Dungeon (3/15)

Altars:
Kikubaaqudgha
Makhleb
Nemelex Xobeh

Annotations:
D:3 Natasha, Sigmund


Innate Abilities, Weirdness & Mutations

You have extremely sharp teeth.
Your natural rate of healing is unusually fast.
When hurt, damage is shared between your health and your magic reserves.
Your bite disrupts and absorbs the magic of your enemies.
Potions and wands cannot restore your health.
You are immune to rotting.


Message History

You hit Natasha. Your bite misses Natasha.
Natasha is lightly wounded.
Natasha stares at you and mumbles some strange words.
You resist with some effort. Natasha closely misses you.
An adder comes into view.
You barely miss Natasha.
Natasha is lightly wounded.
The adder hisses angrily.
Sigmund points at you and mumbles some strange words.
You are confused.
Natasha claws you!
* * * LOW HITPOINT WARNING * * *
A goblin comes into view.
You're too confused!
Natasha stares at you and mumbles some strange words.
The magic dart hits you!
* * * LOW HITPOINT WARNING * * *
Natasha stares at you and mumbles some strange words.
The magic dart hits you!
You die...

#....8...##############
#........# ##.
#.#.#...## ##.#
#......## ######.##
#####.## #.(...## #.#
#.####.## ##†## #.#
##.# ##...## #)# ##.
.###...@.# #.# #.
.........# #.# #.
..###.....# #.######.
...S...h## ##.##.....
..#.@...# ###...#.###.
#.......# #...........
#........ #.#...#.####
#..g...#. ###.##.##.#
......# ......>.....#


You could see Sigmund, Natasha, an adder and a goblin (wandering).

Vanquished Creatures
  A howler monkey (D:3)
  Natasha (D:3)
  3 gnolls (D:2)
  An adder (D:2)
  2 oozes (D:2)
  2 worms
  2 dart slugs
  A giant gecko (D:3)
  An orc (D:3)
  6 goblins
  4 hobgoblins
  4 jackals (D:3)
  5 kobolds
  A quokka (D:3)
  5 bats
  4 giant newts
  5 rats
48 creatures vanquished.

Notes
Turn   | Place    | Note
-------+----------+-------------------------------------------
     0 | D:1      | LORDOFBUTT the Vine Stalker Berserker began the quest for the Orb.
     0 | D:1      | Reached XP level 1. HP: 11/11 MP: 2/2
   322 | D:1      | Reached XP level 2. HP: 8/16 MP: 1/3
   567 | D:2      | Reached XP level 3. HP: 17/19 MP: 3/5
   653 | D:2      | Found a burning altar of Makhleb.
   683 | D:2      | Reached skill level 1 in Spellcasting
   729 | D:2      | Found an ancient bone altar of Kikubaaqudgha.
   929 | D:2      | Gained mutation: Your natural rate of healing is unusually fast. [Vine Stalker growth]
   929 | D:2      | Reached XP level 4. HP: 22/24 MP: 5/7
  1169 | D:2      | Found a sparkling altar of Nemelex Xobeh.
  1227 | D:3      | Reached skill level 1 in Stealth
  1227 | D:3      | Reached XP level 5. HP: 28/28 MP: 8/8
  1231 | D:3      | Noticed Natasha
  1235 | D:3      | Killed Natasha
  1364 | D:3      | Found a faded altar of an unknown god.
  1415 | D:3      | Noticed Natasha
  1419 | D:3      | Noticed Sigmund
  1425 | D:3      | Killed from afar by Natasha

Vault maps used:
D:1:      dpeg_arrival_boxes_within_box
D:2:      bloody_makhleb, overflow_temple_1_default, nemelex_altar_shiori,
          roderic_serpentine_path, st_stairs_12
D:3:      kennysheep_goblin_castle, ecumenical_altar_2, first_bread,
          uniq_sigmund, uniq_natasha

Skill      XL: |  1  2  3  4  5 |
---------------+----------------+-----
Maces & Flails | 3 |  3.6
Spellcasting   | 1 2 |  2.0
Dodging        | 2 |  2.7
Fighting       | 3 |  3.2
Stealth        | 1 |  1.3
Armour         | |  1.7

Action                   |  1- 3 |  4- 6 || total
-------------------------+-------+-------++-------
Melee: Mace              |    54 |    46 ||   100
       Bite              |    15 |    12 ||    27
Invok: Berserk           |     3 |     2 ||     5
 Stab: Sleeping          |     1 |     2 ||     3
  Eat: Meat ration       |     1 |       ||     1
       Pizza             |     1 |       ||     1
Armor: Animal skin       |    11 |    10 ||    21
Dodge: Dodged            |    41 |    43 ||    84
